[Event "Slovakian-ch Youth 2022"]
[Site "Lubovna"]
[Date "2022.05.24"]
[Round "5.28"]
[White "Meszaros, Casey Ryan"]
[Black "Ropovik, Samuel"]
[Result "1-0"]
[ECO "B22"]
[WhiteElo "1757"]
[BlackElo "1453"]
[Annotator "NA COMBH"]
[PlyCount "93"]
[EventDate "2022.05.22"]
[EventCountry "SVK"]
[SourceTitle "playchess.com"]
[Source "ChessBase"]
[SourceQuality "1"]
[TimeControl "40/5400+30:1800+30"]

1. e4 c5 2. c3 d5 3. exd5 Qxd5 4. d4 Nf6 5. Nf3 Bg4 6. Be2 e6 7. Be3 cxd4 8. cxd4 Bb4+ 9. Nc3 O-O 10. O-O Qd6 11. Nb5 Qe7 12. Rc1 Nc6 13. Ne5 Bxe2 14. Qxe2 Nxe5 15. dxe5 Nd5 16. a3 Nxe3 17. Qxe3 Ba5 18. Rfd1 a6 19. Nd6 Bc7 20. Qc5 Bxd6 21. exd6 Qd7 22. Qb6 Rac8 23. Rc7 Rxc7 24. Qxc7 Rd8 25. Rc1 h6 26. g3 Qxd6 27. Qxb7 Rb8 28. Rc8+ Rxc8 29. Qxc8+ Kh7 30. Qb7 f6 31. Kg2 f5 32. b4 Kg6 33. a4 Kf6 34. a5 g6 35. b5 f4 36. bxa6 f3+ 37. Qxf3+ Ke5 38. Qf4+ Kd5 39. Qxd6+ Kxd6 40. a7 Kc7 41. a8=Q e5 42. a6 g5 43. Qb7+ Kd6 44. a7 e4 45. a8=R e3 46. Ra5 e2 47. Qb6+ 1-0

[Event "Slovakian-ch Youth 2022"]
[Site "Lubovna"]
[Date "2022.05.24"]
[Round "5.29"]
[White "Hudak, Michal"]
[Black "Shykhnenko, Hryhorii"]
[Result "1-0"]
[ECO "A43"]
[WhiteElo "1169"]
[BlackElo "1284"]
[Annotator "NA RC COMBH"]
[PlyCount "49"]
[EventDate "2022.05.22"]
[EventCountry "SVK"]
[SourceTitle "playchess.com"]
[Source "ChessBase"]
[SourceQuality "1"]
[TimeControl "40/5400+30:1800+30"]

1. d4 c5 2. dxc5 e6 3. e4 Bxc5 4. Nf3 Nf6 5. Bg5 Bxf2+ 6. Ke2 Qb6 7. Nbd2 Ng4 8. Nc4 Qa6 9. Qd3 Bc5 10. Qc3 Nf2 11. Ke1 f6 12. Be3 Nxe4 13. Bxc5 Nxc3 14. Nd6+ Qxd6 15. Bxd6 Nd5 16. Kf2 Nc6 17. Bc4 Nde7 18. g4 b6 19. Rhe1 Kf7 20. Rad1 Bb7 21. Nh4 Nc8 22. Nf5 Na5 23. Bb4 Nxc4 24. Rxd7+ Kg6 25. Rxg7# 1-0

[Event "Slovakian-ch Youth 2022"]
[Site "Lubovna"]
[Date "2022.05.24"]
[Round "5.30"]
[White "Dolnik, Michal"]
[Black "Janoska Peter"]
[Result "0-1"]
[ECO "B45"]
[WhiteElo "1548"]
[BlackElo "1272"]
[Annotator "NA COMBH"]
[PlyCount "128"]
[EventDate "2022.05.22"]
[EventCountry "SVK"]
[SourceTitle "playchess.com"]
[Source "ChessBase"]
[SourceQuality "1"]
[TimeControl "40/5400+30:1800+30"]

1. e4 c5 2. Nf3 e6 3. d4 cxd4 4. Nxd4 Nf6 5. Nc3 Nc6 6. Be3 Bb4 7. f3 d5 8. a3 Bxc3+ 9. bxc3 e5 10. Nxc6 bxc6 11. Bd3 dxe4 12. fxe4 O-O 13. O-O Qa5 14. Qe1 Ng4 15. Bd2 Be6 16. Qg3 Qc5+ 17. Kh1 Kh8 18. c4 Rfd8 19. h3 Nf6 20. Bb4 Qd4 21. Rae1 Re8 22. Rf3 Rad8 23. Ree3 Nh5 24. Qg5 Nf4 25. Rg3 Ng6 26. h4 f6 27. Qh5 Nf4 28. Qf3 c5 29. Ba5 Rd7 30. h5 Qa1+ 31. Kh2 Qxa3 32. Bd2 Rb7 33. Re1 Qb2 34. Bxf4 exf4 35. Qxf4 Rf7 36. Qd6 Qe5 37. Qxe5 fxe5 38. Rg5 Bc8 39. Rf1 Rxf1 40. Bxf1 a5 41. Rg3 Re6 42. Ra3 Ra6 43. c3 Kg8 44. Kg3 Kf7 45. Kh4 Kf6 46. g4 g6 47. g5+ Kf7 48. h6 Bd7 49. Bh3 Be8 50. Bc8 Ra7 51. Bh3 Bc6 52. Bg2 a4 53. Bf3 Rd7 54. Be2 Rd2 55. Bf3 Rd3 56. Be2 Re3 57. Bf1 Rxe4+ 58. Kg3 Re1 59. Bd3 Re3+ 60. Kg4 Rxd3 61. Kh4 e4 62. Kg4 Rd2 63. Ra1 e3 64. Kg3 e2 0-1

[Event "Slovakian-ch Youth 2022"]
[Site "Lubovna"]
[Date "2022.05.24"]
[Round "5.31"]
[White "Ziman, Damian"]
[Black "Bilik, Matej"]
[Result "1/2-1/2"]
[ECO "C77"]
[WhiteElo "1293"]
[BlackElo "1553"]
[Annotator "NA COMBH"]
[PlyCount "83"]
[EventDate "2022.05.22"]
[EventCountry "SVK"]
[SourceTitle "playchess.com"]
[Source "ChessBase"]
[SourceQuality "1"]
[TimeControl "40/5400+30:1800+30"]

1. e4 e5 2. Nf3 Nc6 3. Bc4 Nf6 4. d3 Be7 5. O-O O-O 6. c3 d6 7. Nbd2 Na5 8. Bb5 a6 9. Ba4 b5 10. Bc2 c5 11. a3 Nc6 12. Re1 h6 13. Nf1 Qc7 14. Ne3 Be6 15. Bb3 Rad8 16. Nd5 Bxd5 17. Bxd5 Nxd5 18. exd5 Nb8 19. c4 Nd7 20. Bd2 Rb8 21. Qc2 f5 22. b3 Bf6 23. Ra2 Rfe8 24. Bc1 Nf8 25. Bb2 Ng6 26. Re2 Qf7 27. Kf1 Rb7 28. Nd2 Rbe7 29. Ba1 Nf8 30. Qb1 Nh7 31. Nf3 e4 32. dxe4 fxe4 33. Ng1 Ng5 34. Bxf6 Qxf6 35. Qe1 Qf5 36. Re3 Nh7 37. Ne2 Nf6 38. h3 Qg6 39. Nc3 bxc4 40. bxc4 Kf8 41. Rb2 Nd7 42. Rbe2 1/2-1/2

[Event "Slovakian-ch Youth 2022"]
[Site "Lubovna"]
[Date "2022.05.24"]
[Round "5.32"]
[White "Drabek Matej"]
[Black "Diachenko Mykhailo"]
[Result "1-0"]
[ECO "B23"]
[WhiteElo "1000"]
[BlackElo "1000"]
[Annotator "NA RC COMBH"]
[PlyCount "67"]
[EventDate "2022.05.22"]
[EventCountry "SVK"]
[SourceTitle "playchess.com"]
[Source "ChessBase"]
[SourceQuality "1"]
[TimeControl "40/5400+30:1800+30"]

1. e4 c5 2. Nc3 Nf6 3. d3 h6 4. Nf3 d5 5. exd5 Nxd5 6. Na4 Nd7 7. d4 e5 8. dxe5 Qe7 9. Qxd5 Nb6 10. Nxb6 axb6 11. Bb5+ Bd7 12. Qxb7 Rd8 13. Qxb6 Bxb5 14. Qxb5+ Qd7 15. Qe2 Be7 16. Be3 O-O 17. Bd2 Rfe8 18. O-O-O Bf6 19. Ba5 Qxd1+ 20. Qxd1 Rxd1+ 21. Rxd1 Bxe5 22. Nxe5 Rxe5 23. Rd8+ Kh7 24. b4 h5 25. b5 c4 26. a4 h4 27. Bb4 Re2 28. Rd2 Re8 29. Rd4 Ra8 30. Rxh4+ Kg6 31. Bc3 Rxa4 32. Rg4+ Kf5 33. Rxg7 Ra7 34. h4 1-0

[Event "Slovakian-ch Youth 2022"]
[Site "Lubovna"]
[Date "2022.05.24"]
[Round "5.33"]
[White "Brnusak, Simon"]
[Black "Boros, David"]
[Result "1/2-1/2"]
[ECO "B18"]
[WhiteElo "1090"]
[BlackElo "1173"]
[Annotator "NA COMBH"]
[PlyCount "82"]
[EventDate "2022.05.22"]
[EventCountry "SVK"]
[SourceTitle "playchess.com"]
[Source "ChessBase"]
[SourceQuality "1"]
[TimeControl "40/5400+30:1800+30"]

1. e4 c6 2. d4 d5 3. Nc3 dxe4 4. Nxe4 Bf5 5. Bd3 Nd7 6. Nf3 Bxe4 7. Bxe4 Ngf6 8. Qe2 Nxe4 9. Qxe4 Nf6 10. Qe2 e6 11. Bd2 Qb6 12. O-O-O Bd6 13. Bg5 Nd7 14. Be3 Qc7 15. g3 O-O-O 16. Ng5 Nf6 17. f3 h6 18. Ne4 Nxe4 19. fxe4 Kb8 20. Qf2 Rc8 21. d5 a6 22. Bb6 Qe7 23. Rhf1 Rhf8 24. Bd4 e5 25. Be3 cxd5 26. exd5 f6 27. Rd3 Rfd8 28. Rb3 Bc5 29. Rd1 Bxe3+ 30. Qxe3 Qc5 31. Qxc5 Rxc5 32. d6 Rc6 33. d7 Re6 34. Re3 Re7 35. Red3 Re6 36. Re3 Kc7 37. Rc3+ Rc6 38. Rcd3 g6 39. a4 f5 40. b4 b5 41. axb5 axb5 1/2-1/2

[Event "Slovakian-ch Youth 2022"]
[Site "Lubovna"]
[Date "2022.05.24"]
[Round "5.34"]
[White "Papay Aurel"]
[Black "Gobl, Fabian"]
[Result "1-0"]
[ECO "C02"]
[WhiteElo "1000"]
[BlackElo "1017"]
[Annotator "NA RC COMBH"]
[PlyCount "43"]
[EventDate "2022.05.22"]
[EventCountry "SVK"]
[SourceTitle "playchess.com"]
[Source "ChessBase"]
[SourceQuality "1"]
[TimeControl "40/5400+30:1800+30"]

1. e4 e6 2. d4 d5 3. e5 c5 4. c3 cxd4 5. cxd4 Nc6 6. Nf3 Bb4+ 7. Bd2 Bxd2+ 8. Nbxd2 Nge7 9. Bd3 O-O 10. O-O Qb6 11. Qc2 g6 12. a3 Nxd4 13. Nxd4 Qxd4 14. Nf3 Qb6 15. b4 Bd7 16. Qd2 Nf5 17. Bxf5 exf5 18. Qh6 Rfc8 19. Ng5 Be6 20. Nxh7 f6 21. Qxg6+ Kh8 22. Nxf6 1-0

[Event "Slovakian-ch Youth 2022"]
[Site "Lubovna"]
[Date "2022.05.24"]
[Round "5.35"]
[White "Stavac Teodor"]
[Black "Krajci Hugo"]
[Result "0-1"]
[ECO "C68"]
[WhiteElo "1000"]
[BlackElo "1178"]
[Annotator "NA RC COMBH"]
[PlyCount "119"]
[EventDate "2022.05.22"]
[EventCountry "SVK"]
[SourceTitle "playchess.com"]
[Source "ChessBase"]
[SourceQuality "1"]
[TimeControl "40/5400+30:1800+30"]

1. e4 e5 2. Nf3 Nc6 3. Bb5 a6 4. Bxc6 dxc6 5. d4 exd4 6. O-O Bg4 7. Bf4 Bxf3 8. Qxf3 Bd6 9. e5 Bc5 10. Re1 Ne7 11. e6 O-O 12. Nd2 fxe6 13. Rxe6 Bd6 14. Re4 Ng6 15. g3 Rf6 16. Rae1 Qf8 17. Qb3+ Kh8 18. Bxd6 cxd6 19. R4e2 b5 20. Ne4 Re8 21. Rf1 Rfe6 22. Qd3 d5 23. f3 dxe4 24. fxe4 Qe7 25. Rfe1 c5 26. b3 h6 27. b4 cxb4 28. Qxd4 Ne5 29. Kg2 Nc6 30. Qd5 Qd8 31. Qf5 Qf6 32. Qd5 Qe5 33. Qd3 R8e7 34. Rf2 Qb8 35. h3 Qe8 36. Rf4 Ne5 37. Qd5 Ng6 38. Rg4 Ne5 39. Rh4 Qf8 40. Rf4 Qe8 41. Rf2 Rd7 42. Qb3 a5 43. Rfe2 Rde7 44. Qd5 Nc4 45. Qd3 Nd6 46. Kf3 g5 47. g4 Rf7+ 48. Kg3 Rf4 49. e5 Nc4 50. Qd5 Rf7 51. Qg2 Rxe5 52. Rxe5 Nxe5 53. Qe4 Re7 54. Qd4 Kg8 55. Qd5+ Qf7 56. Qd8+ Re8 57. Rxe5 Rxd8 58. Rxb5 Qf4+ 59. Kg2 Rd2+ 60. Kh1 0-1

[Event "Slovakian-ch Youth 2022"]
[Site "Lubovna"]
[Date "2022.05.24"]
[Round "5.36"]
[White "Kriska Alexander"]
[Black "Slivka Martin"]
[Result "1/2-1/2"]
[ECO "D02"]
[WhiteElo "1046"]
[BlackElo "1000"]
[Annotator "NA RC COMBH"]
[PlyCount "49"]
[EventDate "2022.05.22"]
[EventCountry "SVK"]
[SourceTitle "playchess.com"]
[Source "ChessBase"]
[SourceQuality "1"]
[TimeControl "40/5400+30:1800+30"]

1. d4 d5 2. Nf3 Nc6 3. Bf4 Bd7 4. e3 e6 5. Be2 Bd6 6. Bxd6 cxd6 7. Nbd2 Nf6 8. O-O O-O 9. c3 Ne7 10. Qc2 Ng6 11. h3 a6 12. Rfe1 Bb5 13. Bd3 Bxd3 14. Qxd3 Re8 15. Nf1 e5 16. N3h2 e4 17. Qe2 Qb6 18. Rab1 Qb5 19. Qd1 Rac8 20. Ng4 Nxg4 21. Qxg4 h6 22. Qg3 Qd7 23. Nh2 Qf5 24. Qg4 Qxg4 25. Nxg4 1/2-1/2

[Event "Slovakian-ch Youth 2022"]
[Site "Lubovna"]
[Date "2022.05.25"]
[Round "6.1"]
[White "Vargosko, Juraj"]
[Black "Elias, David"]
[Result "1/2-1/2"]
[ECO "E81"]
[WhiteElo "1640"]
[BlackElo "1901"]
[Annotator "TA"]
[PlyCount "111"]
[EventDate "2022.05.22"]
[EventCountry "SVK"]
[SourceTitle "playchess.com"]
[Source "ChessBase"]
[SourceQuality "1"]
[TimeControl "40/5400+30:1800+30"]

1. d4 Nf6 2. c4 g6 3. Nc3 Bg7 4. e4 d6 5. f3 (5. Nf3 O-O 6. Be2 e5 7. dxe5 dxe5 8. Qxd8 Rxd8 9. Bg5 Re8 10. Nd5 Nxd5 11. cxd5 c6 12. Bc4 b5 13. Bb3 a5 14. a4 bxa4 15. Bxa4 Bd7 16. dxc6 Bxc6 17. Ke2 Bxa4 18. Rxa4 Nc6 19. Rc1 Nd4+ 20. Kf1 Rab8 21. Rb1 Rb5 22. Nxd4 exd4) 5... O-O 6. Be3 Na6 7. Bd3 {[%emt 0:06:21] E81: King's Indian: Sämisch: 6th move deviations (including 6 Be3 c6).} c5 {[%emt 0:06:44][%cal Of6g4] [#] And now ...Ng4! would win.} 8. Nge2 Bd7 {[%emt 0:08:49] [#]} 9. Rb1 $146 {[%emt 0:01:52] White is better.} ({Predecessor:} 9. O-O Rc8 10. d5 Nc7 11. a4 Rb8 12. g4 a6 13. a5 b5 14. axb6 Rxb6 15. b3 {1-0 (39) Mochalin,F (2138)-Ivanov,M (1872) Cheliabinsk 2021}) 9... Qa5 10. O-O cxd4 11. Nxd4 Rfc8 12. a3 Qh5 (12... Nc5 $14) 13. b4 $16 Nc7 14. Qd2 Ne6 15. Nce2 (15. Nde2 $142) 15... Nxd4 16. Nxd4 a6 17. Rfc1 g5 (17... Ne8 $16 {is a better defense.}) 18. Ne2 ({White should try} 18. g4 $18 Bxg4 19. fxg4 Nxg4 20. Nf5) 18... h6 19. Ng3 Qh4 20. Ne2 (20. c5 $16) 20... e5 (20... Qh5 $1 $11) 21. g4 (21. h3 $142) 21... Bxg4 $2 22. fxg4 $18 Qxg4+ 23. Ng3 b5 24. c5 (24. cxb5 axb5 25. Rxc8+ Rxc8) 24... dxc5 25. Rxc5 (25. Bxc5 Rc7 26. Be2 Qh3) 25... Rd8 26. Qe2 (26. Rxe5 $6 Nh5 27. Re8+ (27. Be2 Qxg3+ 28. hxg3 Rxd2 $14) 27... Rxe8 $16) 26... h5 27. Rc3 {Threatens to win with Qg2.} ({Resist} 27. Rxe5 h4 $18) 27... h4 28. Qxg4 Nxg4 29. Nf5 (29. Bxg5 hxg3 30. Bxd8 (30. hxg3 Bf6 $11) 30... gxh2+ 31. Kh1 Rxd8 $16) 29... Bf6 (29... Nxe3 30. Nxe3 Rac8 31. Rxc8 Rxc8) 30. h3 Nxe3 31. Nxe3 Rac8 32. Rxc8 Rxc8 33. Nd5 {[%emt 0:00:02] Against Rc3} Bd8 34. Kg2 f6 35. Kf3 Kf7 36. Ke3 Ke6 37. Kd2 f5 38. Ne3 f4 39. Ng4 Be7 $2 (39... Bb6 {might work better.} 40. Rb2 Kd6) 40. Rc1 Rxc1 41. Kxc1 Bd6 42. Kd1 Kd7 43. Kc2 Kc6 44. Kb3 Kb6 45. Be2 Bc7 46. Nf2 a5 (46... Kc6 $142 47. a4 Bb6) 47. a4 axb4 48. axb5 Kc5 49. Ng4 Kd4 50. Bf3 ({Weaker is} 50. Kxb4 Kxe4 51. Kc4 f3 52. Bd3+ Kf4 $16) 50... Kc5 {[%emt 0:00:00] [#]} 51. Nh6 $2 (51. b6 $1 $18 Bxb6 52. Nxe5) 51... Kxb5 $11 {[%emt 0:00:00] The position is equal.} 52. Nf7 Kc5 53. Nxg5 {[%emt 0:00:23] Ne6+ is the strong threat.} Kd4 $1 54. Bg2 {[%emt 0:02:00] aiming for Ne6+.} Ke3 55. Kxb4 Bd8 (55... Kf2 $5 56. Bh1 Kg3 $14) 56. Nf3 {[%emt 0:00:21] Weighted Error Value: White=0.35/Black=0.38} 1/2-1/2

[Event "Slovakian-ch Youth 2022"]
[Site "Lubovna"]
[Date "2022.05.25"]
[Round "6.2"]
[White "Zetocha, Adrian"]
[Black "Bochnicka, Vladimir"]
[Result "1-0"]
[ECO "E94"]
[WhiteElo "2331"]
[BlackElo "2267"]
[Annotator "TA"]
[PlyCount "135"]
[EventDate "2022.05.22"]
[EventCountry "SVK"]
[SourceTitle "playchess.com"]
[Source "ChessBase"]
[SourceQuality "1"]
[TimeControl "40/5400+30:1800+30"]

1. d4 Nf6 2. c4 g6 3. Nc3 Bg7 4. e4 d6 5. Nf3 O-O 6. Be2 Nbd7 7. O-O e5 8. Qc2 Qe7 9. Be3 c6 10. d5 c5 {[%emt 0:03:16] E94: King's Indian: Classical: 6 Be2 e5 7 0-0: Various Black 7th moves.} 11. Nd2 {[%emt 0:05:03] White is more active.} Ne8 {[%emt 0:24:41] [#]} 12. Bd3 $146 ({Predecessor:} 12. Rae1 Nc7 13. a3 b6 14. b4 Bf6 15. Nb5 Nxb5 16. cxb5 Bg5 17. Bxg5 Qxg5 18. Nc4 {½-½ (83) Enchev,I (2408)-Lin,C (2468) Albena 2015}) 12... Ndf6 {[%emt 0:00:35] White is slightly better.} 13. Bg5 h6 14. Bh4 g5 15. Bg3 Nh5 16. Nd1 Nf4 17. Ne3 Qf6 18. f3 h5 19. Be1 Bh6 20. g3 Nh3+ (20... Nxd3 $14 21. Qxd3 Bh3) 21. Kg2 $16 Qg7 (21... Kh8 $16) 22. Nf5 $18 Bxf5 23. exf5 g4 24. Ne4 {[%emt 0:06:51][%cal Of5f6] Strongly threatening f6!} Nf6 (24... Ng5 $16) 25. Nxf6+ (25. Nxd6 gxf3+ 26. Rxf3 Nf4+ 27. Kg1 Qg4) 25... Qxf6 26. fxg4 hxg4 27. Be2 Qg5 28. Qe4 {[%emt 0:00:32] aiming for f6.} f6 (28... Kh8 $142 29. Qxg4 Qxg4 30. Bxg4 Ng5) 29. Bxg4 Nf4+ 30. Kf3 Nd3 31. Bc3 b5 (31... Nb4 {is a better defense.} 32. h4 Qg7) 32. cxb5 (32. h4 Qg7 33. cxb5 (33. Qxd3 e4+ 34. Qxe4 Rae8 $18) 33... c4 34. Qxc4 Rfe8 $18) 32... c4 33. h4 (33. Kg2 Rac8 34. Be2 Nf4+ 35. Kh1 Nxe2) 33... Qg7 34. Bh5 Qc7 (34... Rfc8 $142 35. a4 Rab8) 35. Qg4+ Bg7 36. Bg6 (36. a4 $18 {has better winning chances.}) 36... Qc5 37. a4 (37. Qe4 $16) 37... Qxd5+ $14 (37... Bh6 38. Kg2 $16) 38. Qe4 {[%emt 0:00:25] Really sharp!} Qxe4+ 39. Kxe4 Rfd8 40. Kd5 $1 Rac8 41. Rad1 Rc5+ 42. Ke6 $1 (42. Ke4 d5+ 43. Kf3 e4+ 44. Kg2 d4 $17) 42... e4 $2 {[%emt 0:03:43] [#] This costs Black the game.} (42... d5 $14) 43. Bd4 $1 $18 {[%emt 0:05:31] A strong pair of Bishops.} (43. Bxf6 Bxf6 44. Kxf6 Rf8+ 45. Kg5 e3 $11) 43... Re5+ (43... Rc7 $142) 44. Bxe5 dxe5 45. Ke7 Rd4 $2 (45... Rc8 46. Bf7+ Kh7 47. Bg6+ Kh6) 46. a5 (46. Bf7+ $142 Kh7 47. a5) 46... e3 $2 (46... Bf8+ 47. Kxf6 Rd6+ 48. Kg5 e3) 47. b6 axb6 (47... Bf8+ $142 48. Ke8 (48. Kxf6 Rd6+ 49. Kg5 e2 $16) 48... Bc5) 48. a6 {[%emt 0:00:58] a7 is the strong threat.} Nb4 49. Rxd4 exd4 {[%emt 0:00:06][%mdl 4096] Endgame KRB-KBN} 50. Bf7+ Kh7 51. Bxc4 {[%emt 0:00:13] Threatens to win with Kd7.} Bh6 52. Kd7 b5 53. Bxb5 (53. a7 $142 bxc4 54. a8=Q e2 55. Re1 Nd3 56. Rxe2 Be3 57. Qe8 Kg7 58. Ke6) 53... d3 54. a7 e2 55. Ra1 Bc1 56. a8=Q ({Weaker is} 56. Rxc1 d2 57. a8=Q dxc1=Q 58. Bxe2 Qd2+ 59. Ke7 Qe3+ 60. Kxf6 Qd4+ 61. Ke6 (61. Kf7 Qd7+ 62. Kf6 Qd6+ 63. Kg5 Qd2+ 64. Kg4 Qxe2+ 65. Qf3 Qc4+ 66. Kh3 Nd3 $18) 61... Qe3+ 62. Kf6 Qd4+ 63. Ke6 (63. Kf7 Qd7+ 64. Kf6 Qd6+ 65. Kf7 Qd7+ 66. Kf6 Qd6+ 67. Kf7 Qd7+ $18) 63... Qe3+ 64. Kf6 $18) 56... e1=Q 57. Bc4 Qxg3 58. Rxc1 {[%emt 0:00:54][%cal Oc1e1] Intending Re1! and mate.} Qg7+ 59. Ke6 d2 60. Rd1 Qc7 {[%emt 0:00:08] [#]} 61. Kxf6 $1 Qd6+ (61... Qg7+ 62. Ke6) 62. Be6 {[%emt 0:00:41] Qg8+ would kill now.} Qd4+ 63. Kg5 Qe3+ 64. Kg4 {[%emt 0:00:15] White threatens Qg8+ and mate.} Qe2+ 65. Qf3 Qe1 66. Kh5 Nc6 {[%emt 0:00:32] [#]} 67. Rxe1 $3 dxe1=Q 68. Qxc6 {[%emt 0:00:08] Weighted Error Value: White=0.39/Black=0.90} 1-0

[Event "Slovakian-ch Youth 2022"]
[Site "Lubovna"]
[Date "2022.05.25"]
[Round "6.2"]
[White "Gollner, Martin"]
[Black "Durana, Jonas"]
[Result "0-1"]
[ECO "B90"]
[WhiteElo "1585"]
[BlackElo "1644"]
[Annotator "NA RC COMBH"]
[PlyCount "92"]
[EventDate "2022.05.22"]
[EventCountry "SVK"]
[SourceTitle "playchess.com"]
[Source "ChessBase"]
[SourceQuality "1"]
[TimeControl "40/5400+30:1800+30"]

1. e4 c5 2. Nf3 d6 3. d4 cxd4 4. Nxd4 Nf6 5. Nc3 a6 6. f3 e5 7. Nb3 Be6 8. Be3 Nc6 9. Qd2 Ne7 10. Bg5 Rc8 11. Bxf6 gxf6 12. O-O-O Ng6 13. Nd5 h5 14. Qb4 Bxd5 15. Rxd5 Qc7 16. c3 Nf4 17. Rd1 b5 18. Kb1 h4 19. Qa5 Qxa5 20. Nxa5 Rc7 21. Rd2 Rg8 22. c4 b4 23. Kc2 Be7 24. Kb3 Kd7 25. Kxb4 d5+ 26. Kc3 d4+ 27. Kc2 Bb4 28. Nb3 Bxd2 29. Kxd2 Ne6 30. Nc1 Rb8 31. b3 Nc5 32. g3 Rcb7 33. g4 a5 34. Be2 a4 35. Bd1 axb3 36. axb3 Nxb3+ 37. Nxb3 Rxb3 38. Bxb3 Rxb3 39. Ke2 Rb2+ 40. Kd3 Rf2 41. Ra1 Rxf3+ 42. Ke2 Rc3 43. Ra7+ Ke8 44. Ra8+ Ke7 45. Ra7+ Kf8 46. Ra8+ Kg7 0-1

[Event "Slovakian-ch Youth 2022"]
[Site "Lubovna"]
[Date "2022.05.25"]
[Round "6.3"]
[White "Gyerpal, Adrian"]
[Black "Brnusak, Tomas"]
[Result "1-0"]
[ECO "A81"]
[WhiteElo "2171"]
[BlackElo "2212"]
[Annotator "TA"]
[PlyCount "107"]
[EventDate "2022.05.22"]
[EventCountry "SVK"]
[SourceTitle "playchess.com"]
[Source "ChessBase"]
[SourceQuality "1"]
[TimeControl "40/5400+30:1800+30"]

1. Nf3 Nf6 2. g3 g6 3. b3 Bg7 4. Bb2 O-O 5. Bg2 d6 6. d4 Ne4 7. O-O f5 8. Nbd2 c5 {[%emt 0:02:29] A81: Dutch Defence: 2 g3.} 9. c4 Nc6 10. Rb1 Qa5 {[%emt 0:11:12] White is slightly better.} 11. d5 Nxd2 12. Nxd2 {[%emt 0:04:45] Hoping for Bxg7.} ({But not} 12. Qxd2 Qxd2 13. Nxd2 Nd4 $14) 12... Ne5 {[%emt 0:00:19] [#]} 13. a3 $146 ({Predecessor:} 13. Qc1 Bd7 14. f4 Ng4 15. Bxg7 Kxg7 16. e4 e5 17. dxe6 Bxe6 18. Qb2+ Kg8 19. exf5 gxf5 20. Rfe1 Rae8 21. Rxe6 Rxe6 22. Bd5 Rfe8 23. Re1 Kf7 24. Nf3 {1-0 (24) Helmers,K (2415)-Cramling,P (2200) Bergsjo 1981}) 13... a6 14. b4 Qc7 15. Rc1 {[%emt 0:04:42] [#]} (15. bxc5 $14 Qxc5 16. e3) 15... Nf3+ $1 $15 16. Nxf3 Bxb2 17. bxc5 Qxc5 18. Rc2 Qxa3 19. Nd4 Bd7 20. Qd2 Bxd4 21. Qxd4 Qc5 22. Qxc5 dxc5 23. Rb1 Ra7 24. e3 Rf6 25. h3 Kf8 26. f3 e5 27. e4 (27. Bf1 $142) 27... fxe4 $17 28. fxe4 Ke7 29. Rc3 Kd8 30. Bf1 Kc7 31. Rcb3 b6 ({Black should try} 31... a5 $19 {And now ...a4 would win.} 32. Kg2 a4) 32. Ra3 (32. Be2 $17 {might work better.}) 32... Ra8 33. Kg2 Raf8 $2 (33... Kb7 $19 {White must now prevent ...Raf8.} 34. Kg1 Raf8) 34. Rxa6 $15 {[%emt 0:03:37] [#]} Rxf1 $1 35. Rxf1 {[%emt 0:02:04] [#]} (35. Ra7+ Kc8) 35... Bxh3+ $1 36. Kxh3 Rxf1 {[%emt 0:00:06][%mdl 4096] Endgame KR-KR} 37. Ra7+ Kd8 38. Kg4 Re1 39. Kg5 Rxe4 40. Kf6 $1 Rxc4 41. Ke6 {[%emt 0:09:08] d6 would kill now.} Rd4 42. Kd6 Kc8 $2 {[%emt 0:03:23][%mdl 8192] [#]} (42... Ke8 $11) 43. Kc6 $1 Kb8 {[%emt 0:00:55] [#]} 44. Rb7+ $1 Kc8 45. Rxh7 Kd8 46. d6 Ke8 47. Rh8+ Kf7 {[%emt 0:00:06] aiming for ...c4.} 48. d7 {[%emt 0:00:11] White mates.} Ke6 49. d8=Q Rxd8 50. Rxd8 e4 51. Re8+ Kf5 52. Kd5 Kg4 53. Kxe4 g5 54. Re5 {[%emt 0:02:24] What a bad dream for Black.  Weighted Error Value: White=0.16 (very precise) /Black=0.32} 1-0

[Event "Slovakian-ch Youth 2022"]
[Site "Lubovna"]
[Date "2022.05.25"]
[Round "6.3"]
[White "Oruzinsky, Juraj"]
[Black "Gay, Lukas"]
[Result "1-0"]
[ECO "B43"]
[WhiteElo "1656"]
[BlackElo "1480"]
[Annotator "NA RC COMBH"]
[PlyCount "51"]
[EventDate "2022.05.22"]
[EventCountry "SVK"]
[SourceTitle "playchess.com"]
[Source "ChessBase"]
[SourceQuality "1"]
[TimeControl "40/5400+30:1800+30"]

1. e4 c5 2. Nf3 e6 3. d4 cxd4 4. Nxd4 a6 5. Nc3 Qc7 6. Bd3 Nf6 7. O-O d6 8. Bg5 Nbd7 9. Nb3 Be7 10. f4 b6 11. Qe2 Bb7 12. Rae1 h6 13. Bh4 Nxe4 14. Bxe7 Nxc3 15. bxc3 Kxe7 16. c4 Nc5 17. Nd4 Nxd3 18. Qxd3 Kd7 19. f5 e5 20. Rxe5 Rhe8 21. Rfe1 Rxe5 22. Rxe5 d5 23. Qe3 Kd6 24. f6 g6 25. Re7 Qb8 26. Qa3# 1-0

[Event "Slovakian-ch Youth 2022"]
[Site "Lubovna"]
[Date "2022.05.25"]
[Round "6.3"]
[White "Muller, Tomas"]
[Black "Matejka, Simon"]
[Result "0-1"]
[ECO "A10"]
[WhiteElo "1240"]
[BlackElo "1235"]
[Annotator "NA RC COMBH"]
[PlyCount "54"]
[EventDate "2022.05.22"]
[EventCountry "SVK"]
[SourceTitle "playchess.com"]
[Source "ChessBase"]
[SourceQuality "1"]
[TimeControl "40/5400+30:1800+30"]

1. c4 d5 2. cxd5 Nf6 3. d6 cxd6 4. Nc3 e5 5. g3 Nc6 6. Bg2 Be6 7. e3 Qd7 8. b3 g6 9. Bb2 Bg7 10. h3 Rc8 11. Rc1 O-O 12. Nge2 Rfe8 13. f4 d5 14. fxe5 Nxe5 15. d4 Nc6 16. Nf4 Bh6 17. Qf3 Bxf4 18. Qxf4 Nh5 19. Qf3 Nxd4 20. Qf2 Nc6 21. g4 Ne5 22. Rd1 Bxg4 23. Rxd5 Qxd5 24. O-O Qe6 25. hxg4 Nxg4 26. Qf3 Qxe3+ 27. Kh1 Ng3+ 0-1